 Dungeon Crawl Stone Soup version bcrawl-1.32 (console) character file.

Game seed: 1601862142848163050

327401 GodsVoicemail the Arsonist (level 14, 0/86 HPs)
             Began as an Octopode Fire Elementalist on July 19, 2021.
             Was a High Priest of Vehumet.
             Killed from afar by a frost giant (69 damage)
             ... with a freezing blast
             ... on level 11 of the Dungeon on July 21, 2021.
             The game lasted 02:58:49 (24897 turns).

GodsVoicemail the Arsonist (OpFE)                  Turns: 24897, Time: 02:58:49

Health: 0/86       AC:  2    Str:  7    XL:     14   Next: 29%
Magic:  4/36       EV: 14    Int: 22    God:    Vehumet [*****.]
Gold:   858        SH:  5    Dex: 13    Spells: 2/32 levels left

rFire    + . .     SeeInvis .   a - staff of conjuration
rCold    . . .     Gourm    .   V - +0 buckler
rNeg     . . .     Faith    .   (helmet restricted)
rPois    .         Spirit   .   g - scarf {repulsion}
rElec    +         Reflect  .   q - amulet of the acrobat
rCorr    +         Harm     .   m - +1 ring of protection
MR       ++...                  h - ring of flight
Stlth    ++++++....             y - ring of magical power
HPRegen  0.24/turn              A - ring of protection from magic
MPRegen  0.25/turn              L - ring of stealth
                                O - ring of insulation
                                W - ring of resist corrosion
                                E - ring of protection from fire (curse)

@: repel missiles
A: almost no armour, stealthy swim, amphibious, 8 rings, constrict 8, camouflage
1, gelatinous body 1
a: Renounce Religion, Evoke Flight


You were on level 11 of the Dungeon.
You worshipped Vehumet.
Vehumet was extremely pleased with you.
You were hungry.

You visited 3 branches of the dungeon, and saw 18 of its levels.
You also visited: Sewer.

You collected 1303 gold pieces.
You spent 445 gold pieces at shops.

Inventory:

Hand Weapons
 b - a +4 blowgun
Missiles
 d - 442 poisoned needles
 p - 41 needles of frenzy {=f}
 u - 427 poisoned tomahawks
 J - 76 curare-tipped needles
 S - 85 exploding tomahawks
 X - 2954 stones (quivered)
Armour
 g - a scarf of repulsion (worn)
 V - a +0 buckler (worn)
Magical Staves
 a - an uncursed staff of conjuration (weapon)
Jewellery
 h - a ring of flight (right tentacle)
 m - a +1 ring of protection (left tentacle)
 q - an amulet of the acrobat (around mantle)
 w - an uncursed amulet of the gourmand
 y - a ring of magical power (on tentacle)
 A - a ring of protection from magic (on tentacle)
 E - a cursed ring of protection from fire (on tentacle)
 L - a ring of stealth (on tentacle)
 O - a ring of insulation (on tentacle)
 W - a ring of resist corrosion (on tentacle)
Wands
 n - a wand of iceblast (13)
 v - a wand of paralysis (31)
 x - a wand of random effects (12)
 D - a wand of clouds (5)
 P - a wand of flame (19)
Scrolls
 c - 3 scrolls of blinking
 f - a scroll of acquirement {unknown}
 i - 10 scrolls of identify
 k - 3 scrolls of fear
 o - a scroll of fog {unknown}
 r - 9 scrolls of teleportation
 s - a scroll of summoning
 I - 2 scrolls of remove curse
 K - a scroll of enchant armour {unknown}
 R - 3 scrolls of amnesia
Potions
 j - 5 potions of might
 l - 4 potions of heal wounds
 t - a potion of flight
 z - 6 potions of curing
 B - 3 potions of agility
 C - 3 potions of haste
 F - 3 potions of magic
 G - 2 potions of brilliance {unknown}
 H - 2 potions of berserk rage
 M - a potion of mutation {unknown}
 Q - 3 potions of lignification
 Z - a potion of cancellation
Miscellaneous
 N - a fan of gales (2/2)
Comestibles
 e - 20 rations {!d}
 T - 14 chunks of flesh


   Skills:
 - Level 4.9 Fighting
 + Level 2.3 Staves
 - Level 5.1 Dodging
 - Level 6.5 Stealth
 + Level 3.2 Shields
 + Level 9.6 Spellcasting
 + Level 9.0 Conjurations
 - Level 2.0 Summonings
 - Level 2.0 Transmutations
 * Level 14.8 Fire Magic
 * Level 9.3 Air Magic
 - Level 2.0 Earth Magic
 - Level 4.0 Evocations


You had 2 spell levels left.
You knew the following spells:

 Your Spells              Type           Power        Failure   Level  Hunger
a - Flame Tongue          Conj/Fire      #####        1%          1    None
b - Conjure Flame         Conj/Fire      #######.     1%          3    None
c - Airstrike             Air            ######....   1%          4    ##.....
d - Lightning Bolt        Conj/Air       ######....   2%          5    None
e - Summon Butterflies    Summ           ###.....     6%          1    None
f - Sticky Flame          Conj/Fire      #######.     1%          4    None
g - Passwall              Tmut/Erth      ###.....     9%          2    None
h - Shock                 Conj/Air       #####        1%          1    None
i - Fireball              Conj/Fire      #######...   1%          5    None
j - Throw Icicle          Conj/Ice       #####...     5%          4    None

Your spell library contained the following spells:

 Spells                   Type           Power        Failure   Level  Hunger
 Sandblast                Erth           ###...       1%          1    None
 Flaming Arrows           Chrm/Fire      #####...     1%          2    None
 Throw Frost              Conj/Ice       #####.       1%          2    None
 Freeze                   Ice            ##....       3%          1    None
 Apportation              Tloc           ##....       13%         1    None
 Corona                   Hex            ##.....      13%         1    None
 Infusion                 Chrm           ##......     13%         1    None
 Slow                     Hex            ##......     13%         1    None
 Ensorcelled Hibernation  Hex/Ice        ##....       21%         2    None
 Inner Flame              Hex/Fire       N/A          1%          3    None
 Stone Arrow              Conj/Erth      ######       1%          3    None
 Dazzling Orbs            Conj/Hex       #####..      6%          3    None
 Confuse                  Hex            ##......     36%         3    None
 Ozocubu's Armour         Chrm/Ice       ##......     36%         3    None
 Tukima's Dance           Hex            ##......     36%         3    None
 Lee's Rapid Deconstruct  Erth           ###.......   38%         5    ####...
 Petrify                  Tmut/Erth      ###.......   50%         4    ##.....
 Ice Form                 Ice/Tmut       ##......     65%         4    ##.....
 Summon Ice Beast         Ice/Summ       ##......     65%         4    ##.....
 Cause Fear               Hex            ##........   78%         4    ##.....


Dungeon Overview and Level Annotations

Branches:
Dungeon (11/12)            Temple (1/1) D:6            Lair (6/6) D:9
 Shoals (0/3) Lair:3        Snake (0/3) Lair:3        Slime (0/5) Lair:6
    Orc: D:8-11      Vaults: D:11-12

Altars:
Ashenzari
Cheibriados
Dithmenos
Elyvilon
Fedhas
Gozag
Hepliaklqana
Kikubaaqudgha
Lugonu
Makhleb
Nemelex Xobeh
Okawaru
Qazlal
Ru
Sif Muna
Trog
Uskayaw
Vehumet
Wu Jian
Xom
Yredelemnul
Zin
The Shining One
Jiyva

Shops:
D:4 [   D:9 ?%*!

Annotations:
D:5 2 transporters, exclusions: downstairs and upstairs
D:6 exclusion: 2 downstairs
D:7 exclusion: downstairs
Lair:3 exclusions: 2 downstairs and 3 oklob plants
Lair:4 3 runed translucent doors, exclusion: 3 doors, Tunlugh's ghost, adept GrEE
Lair:6 1 exclusion


Innate Abilities, Weirdness & Mutations

You cannot wear most types of armour.
You are very stealthy in the water. (Stealth+)
You are amphibious.
You can wear up to eight rings at the same time.
You can use your tentacles to constrict eight enemies at once.
Your skin changes colour to match your surroundings (Stealth+).
Your rubbery body absorbs attacks. (AC +1, EV +1)


Message History

Confirm with . or Enter, or press ? or * to list all spells.
Aiming: Fireball (safe; 1% risk of failure)
Press: ? - help, Shift-Dir - straight line, f - frost giant
Aim: a frost giant, wielding a +2 battleaxe of freezing You feel a surge of power!
The fireball explodes!
The fireball engulfs the frost giant!!
The frost giant is moderately wounded.
Casting: Fireball (safe; 1% risk of failure)
Confirm with . or Enter, or press ? or * to list all spells.
Aiming: Fireball (safe; 1% risk of failure)
Press: ? - help, Shift-Dir - straight line, f/p - frost giant
Aim: a frost giant, wielding a +2 battleaxe of freezing (moderately wounded)
You feel a surge of power!
The fireball explodes!
The fireball engulfs the frost giant!!
The frost giant is severely wounded.
You are feeling hungry.
The frost giant casts a spell at you.
The freezing blast explodes!
The freezing blast engulfs you!!!
Ouch! That really hurt!
You die...

#..# ..
#..######...
#...........
.......##........
..##...##C.......
#..)#.........
.....#÷########
....#.#÷#<#
.......#@#.#
##.#####.#.#
#..... #.#.#
#..... #.#.#
#..... #.#.#
#..... #.#.#
#.....
#.#.#######
#.....
#.#.......#
#.....
#.#######.#
#.....


You could see a frost giant.

Vanquished Creatures
  2 hydras
  2 centaur warriors
  2 two-headed ogres (D:9)
  An alligator (Lair:6)
  A death knight (D:10)
  2 death yaks
  A goliath frog (Lair:6)
  Sonja (Lair:4)
  A wolf spider zombie (D:11)
  A cyclops (D:10)
  8 black mambas
  16 elephants
  A water nymph (Lair:3)
  2 torpor snails
  8 cane toads
  3 centaur skeletons
  5 komodo dragons
  A kobold demonologist (D:10)
  A rime drake (Lair:3)
  3 freezing wraiths (D:10)
  A tengu conjurer (D:10)
  A troll (D:9)
  2 polar bears
  14 blink frogs
  A meliai zombie (D:8)
  11 hippogriffs
  2 dream sheep (Lair:6)
  2 wyverns
  33 yaks
  2 water elementals (Lair:3)
  A wraith (D:7)
  A spriggan (D:7)
  5 basilisks
  5 hungry ghosts
  2 wargs (D:9)
  11 crocodiles
  13 water moccasins
  3 orc warriors
  5 porcupines
  A hornet zombie (D:6)
  3 sky beasts
  3 ice beasts
  3 black bears
  2 eyes of draining
  2 ogres
  4 phantoms
  4 centaurs
  4 wolves
  A big kobold (D:10)
  12 bullfrogs
  A gnoll sergeant (D:7)
  A scorpion (D:9)
  A water moccasin skeleton (D:9)
  7 wights
  5 howler monkeys
  3 crimson imps
  A bullfrog zombie (D:5)
  A quasit (D:8)
  3 orc priests
  7 hounds
  A bullfrog skeleton (D:8)
  A jelly (D:7)
  19 orc wizards
  Jessica (D:10)
  4 iguanas
  9 worker ants
  A hound skeleton (D:5)
  A hound zombie (D:9)
  2 worker ant zombies
  7 gnolls
  A river rat (D:3)
  11 adders
  6 adder skeletons
  7 adder zombies
  4 worms
  8 leopard geckos
  48 orcs
  4 bats
  12 giant cockroaches
  2 goblins (D:1)
  5 hobgoblins
  18 jackals
  8 kobolds
  3 quokkas (D:6)
  8 ball pythons
  9 frilled lizards
  3 jackal skeletons
  7 rats
  2 fungi
  A withered plant (Lair:6)
459 creatures vanquished.

Vanquished Creatures (collateral kills)
  An ice beast (D:7)
  An orc (D:7)
2 creatures vanquished.

Vanquished Creatures (others)
  An orc wizard (D:6)
  A butterfly (D:9)
  9 fungi
  17 plants
  18 withered plants (Lair:6)
46 creatures vanquished.

Grand Total: 507 creatures vanquished

Notes
Turn   | Place    | Note
-------+----------+-------------------------------------------
     0 | D:1      | GodsVoicemail the Octopode Fire Elementalist began the
                  | quest for the Orb.
     0 | D:1      | Reached XP level 1. HP: 11/11 MP: 3/3
   411 | D:1      | Reached XP level 2. HP: 17/17 MP: 3/5
   840 | D:2      | Found a shimmering altar of Xom.
   841 | D:2      | Found a hide-covered altar of Uskayaw.
  1092 | D:2      | Reached XP level 3. HP: 18/21 MP: 3/6
  1154 | D:2      | Learned a level 3 spell: Conjure Flame
  2061 | D:2      | Reached XP level 4. HP: 21/27 MP: 2/7
  2318 | D:2      | Found a hazy altar of Hepliaklqana.
  2503 | D:3      | Found a stormy altar of Qazlal.
  2622 | D:3      | Found a sparkling altar of Nemelex Xobeh.
  2932 | D:3      | Found a glowing drain.
  2937 | Sewer    | Entered a sewer
  3020 | Sewer    | Learned a level 3 spell: Inner Flame
  3036 | Sewer    | Reached XP level 5. HP: 31/31 MP: 6/8
  3054 | Sewer    | Reached skill level 4 in Fire Magic
  3180 | Sewer    | Noticed a bullfrog
  3183 | Sewer    | Noticed a bullfrog
  3191 | Sewer    | Killed a bullfrog
  3198 | Sewer    | Killed a bullfrog
  3199 | Sewer    | Reached XP level 6. HP: 10/36 MP: 5/9
  3455 | D:3      | Reached skill level 5 in Conjurations
  4047 | D:3      | Learned a level 1 spell: Slow
  4105 | D:4      | Noticed a sky beast
  4424 | D:4      | Noticed a hungry ghost
  4529 | D:4      | Noticed a sky beast
  4614 | D:5      | Entered Level 5 of the Dungeon
  4644 | D:5      | Found a transporter.
  4691 | D:5      | Learned a level 1 spell: Summon Butterflies
  4785 | D:5      | Found a burning altar of Makhleb.
  4892 | D:5      | Found a blossoming altar of Fedhas.
  4981 | D:5      | Reached skill level 5 in Fire Magic
  4981 | D:5      | Reached XP level 7. HP: 41/41 MP: 10/10
  5136 | D:5      | Found a transporter.
  5766 | D:6      | Noticed a hungry ghost
  6305 | D:7      | Noticed a hungry ghost
  6887 | D:6      | Reached XP level 8. HP: 26/46 MP: 5/11
  7001 | D:6      | Noticed a hippogriff
  7024 | D:6      | Found a radiant altar of Vehumet.
  7030 | D:6      | Became a worshipper of Vehumet
  7101 | D:6      | Reached skill level 6 in Fire Magic
  7657 | D:7      | Found a shattered altar of Ashenzari.
  7787 | D:7      | Reached skill level 7 in Fire Magic
  8249 | D:6      | Killed a hippogriff
  8250 | D:6      | Reached skill level 1 in Summonings
  8494 | D:6      | Reached * piety under Vehumet
  8494 | D:6      | Offered knowledge of Shock by Vehumet.
  8495 | D:6      | Reached skill level 8 in Fire Magic
  8495 | D:6      | Reached XP level 9. HP: 51/51 MP: 5/15
  8514 | D:6      | Learned a level 4 spell: Sticky Flame
  8522 | D:6      | Learned a level 2 spell: Passwall
  8588 | D:6      | Found a staircase to the Ecumenical Temple.
  8842 | Temple   | Entered the Ecumenical Temple
  9760 | D:4      | Found Peschyas's Armour Shoppe.
 10008 | D:4      | Reached skill level 9 in Fire Magic
 10070 | D:4      | Learned a level 1 spell: Shock
 10587 | D:7      | Reached skill level 5 in Spellcasting
 10591 | D:7      | Reached ** piety under Vehumet
 10591 | D:7      | Offered knowledge of Searing Ray by Vehumet.
 10942 | D:7      | Found a shimmering blue altar of Sif Muna.
 11034 | D:7      | Reached skill level 10 in Fire Magic
 11125 | D:7      | Reached XP level 10. HP: 56/56 MP: 17/18
 11257 | D:8      | Found a shattered altar of Ashenzari.
 11313 | D:8      | Reached skill level 1 in Transmutations
 11313 | D:8      | Reached skill level 1 in Earth Magic
 11900 | D:8      | Offered knowledge of Iskenderun's Mystic Blast by Vehumet.
 12275 | D:9      | Noticed a two-headed ogre
 12359 | D:9      | Reached *** piety under Vehumet
 12457 | D:9      | Learned a level 5 spell: Fireball
 12485 | D:9      | Reached skill level 1 in Air Magic
 12500 | D:9      | Found Larphus's Magic Scroll Shop.
 12559 | D:9      | Found a white marble altar of Elyvilon.
 12628 | D:9      | Found Gureoreh's Food Shoppe.
 12651 | D:9      | Offered knowledge of Fulminant Prism by Vehumet.
 12721 | D:9      | Reached skill level 11 in Fire Magic
 12737 | D:8      | Reached skill level 5 in Dodging
 13174 | D:8      | Reached skill level 1 in Fighting
 13257 | D:9      | Reached XP level 11. HP: 63/63 MP: 21/21
 13316 | D:9      | Got a brightly glowing hand axe
 13317 | D:9      | Identified the +5 hand axe "Yteatal" {drain, *Corrode rF+
                  | rN+ Dex+7} (You found it on level 9 of the Dungeon)
 13335 | D:9      | Found a staircase to the Lair.
 13414 | D:9      | Noticed a two-headed ogre
 13419 | D:9      | Killed a two-headed ogre
 13627 | D:9      | Found Estrest's Distillery.
 13640 | D:9      | Found Etrix's General Store.
 13649 | D:9      | Bought a scroll of fear for 85 gold pieces
 13851 | D:9      | Killed a two-headed ogre
 13852 | D:9      | Reached skill level 12 in Fire Magic
 13986 | D:9      | Bought a potion of heal wounds for 65 gold pieces
 13986 | D:9      | Bought a potion of haste for 130 gold pieces
 13986 | D:9      | Bought a potion of curing for 32 gold pieces
 14026 | D:9      | Bought a scroll of teleportation for 42 gold pieces
 14026 | D:9      | Bought a scroll of teleportation for 42 gold pieces
 14067 | Lair:1   | Entered Level 1 of the Lair of Beasts
 14119 | D:10     | Entered Level 10 of the Dungeon
 14126 | D:10     | Noticed a death knight
 14224 | D:10     | Reached **** piety under Vehumet
 14265 | D:10     | Offered knowledge of Lightning Bolt by Vehumet.
 14321 | D:10     | Noticed a cyclops
 14565 | D:10     | Found the +18 shield of the Gong {rElec rN+ MR+ EV-5}
 14657 | D:10     | Noticed Jessica
 14661 | D:10     | Killed Jessica
 14753 | D:9      | Bought a scroll of amnesia for 49 gold pieces
 14760 | D:9      | Learned a level 5 spell: Lightning Bolt
 14944 | D:10     | Noticed a centaur warrior
 15766 | Lair:1   | Reached XP level 12. HP: 45/75 MP: 18/23
 16312 | Lair:1   | Reached skill level 13 in Fire Magic
 17231 | Lair:2   | Reached skill level 1 in Evocations
 17517 | Lair:3   | Reached skill level 5 in Air Magic
 17812 | Lair:3   | Reached ***** piety under Vehumet
 17860 | Lair:3   | Offered knowledge of Bolt of Draining by Vehumet.
 17877 | Lair:3   | Found a staircase to the Snake Pit.
 18567 | Lair:3   | Reached skill level 5 in Stealth
 18730 | Lair:4   | Noticed an eight-headed hydra
 18748 | Lair:4   | Killed an eight-headed hydra
 18831 | Lair:4   | Found a runed translucent gate.
 18831 | Lair:4   | Found a runed translucent gate.
 18831 | Lair:4   | Found a runed translucent gate.
 18836 | Lair:4   | Noticed Tunlugh's ghost (adept GrEE)
 18928 | Lair:4   | Noticed Sonja
 18931 | Lair:4   | Killed Sonja
 19066 | Lair:4   | Reached XP level 13. HP: 70/81 MP: 4/25
 19339 | Lair:4   | Reached skill level 14 in Fire Magic
 19470 | Lair:4   | Learned a level 4 spell: Throw Icicle
 21461 | Lair:5   | Reached skill level 1 in Shields
 22083 | Lair:6   | Entered Level 6 of the Lair of Beasts
 22262 | Lair:6   | Found a viscous altar of Jiyva.
 22263 | Lair:6   | Found a staircase to the Slime Pits.
 22988 | Lair:6   | Reached skill level 1 in Staves
 23057 | Lair:6   | Offered knowledge of Airstrike by Vehumet.
 23064 | Lair:6   | Reached XP level 14. HP: 86/86 MP: 27/27
 23070 | Lair:6   | Learned a level 4 spell: Airstrike
 23550 | Lair:6   | Noticed a dire elephant
 23551 | Lair:6   | Noticed a dire elephant
 24869 | D:11     | Identified the ring of Raem {Fire rN+ Str+4 Int-5}
 24895 | D:11     | Noticed a frost giant
 24897 | D:11     | Killed from afar by a frost giant

Skill      XL: |  1  2  3  4  5  6  7  8  9 10 11 12 13 14 |
---------------+-------------------------------------------+-----
Conjurations   | 2 3 4 5 7 8 9 |  9.0
Fire Magic     | 4 5 8 10 11 12 13 14 | 14.8
Spellcasting   | 4 5 6 7 8 9 |  9.6
Summonings     | 1 2 |  2.0
Dodging        | 3 5 |  5.1
Transmutations | 1 2 |  2.0
Earth Magic    | 1 2 |  2.0
Air Magic      | 2 3 7 8 9 |  9.3
Fighting       | 1 4 |  4.9
Evocations     | 2 3 4 |  4.0
Stealth        | 5 6 |  6.5
Shields        | 2 3 |  3.2
Staves         | 1 2 |  2.3

Action                   |  1- 3 |  4- 6 |  7- 9 | 10-12 | 13-15 || total
-------------------------+-------+-------+-------+-------+-------++-------
Melee: Unarmed           |     2 |       |       |       |       ||     2
       Constrict         |     3 |    11 |     5 |    16 |     1 ||    36
       Dagger            |     7 |    32 |    25 |    29 |       ||    93
       Tentacles         |     1 |     9 |     3 |    12 |     2 ||    27
       Hand axe          |       |       |       |    43 |     2 ||    45
       Staff             |       |       |       |       |     9 ||     9
Throw: Stone             |    14 |     5 |    14 |       |       ||    33
 Cast: Flame Tongue      |    64 |    89 |   291 |   335 |   155 ||   934
       Conjure Flame     |     1 |     1 |    25 |    37 |    10 ||    74
       Summon Butterflie |       |     1 |    14 |    20 |     5 ||    40
       Sticky Flame      |       |       |     9 |    93 |    52 ||   154
       Inner Flame       |       |       |     3 |    13 |     1 ||    17
       Shock             |       |       |       |    44 |    30 ||    74
       Fireball          |       |       |       |    34 |    69 ||   103
       Passwall          |       |       |       |     2 |       ||     2
       Lightning Bolt    |       |       |       |    11 |     5 ||    16
       Throw Icicle      |       |       |       |       |     1 ||     1
Evoke: Wand              |       |     2 |     2 |     1 |       ||     5
  Use: Scroll            |       |     6 |     2 |     6 |    10 ||    24
       Potion            |       |     3 |     7 |       |       ||    10
 Stab: Sleeping          |       |       |       |     1 |       ||     1
  Eat: Chunk             |     5 |    13 |    23 |    49 |    22 ||   112
       Ration            |       |     1 |     2 |     2 |     1 ||     6
Armor: Skin              |     7 |     9 |     6 |    10 |     8 ||    40
Dodge: Dodged            |    18 |    42 |    83 |   191 |    75 ||   409
       Deflected         |       |       |     5 |     6 |       ||    11
Block: Buckler           |       |       |       |       |    18 ||    18
